 Dungeon Crawl Stone Soup version 0.27.1-4-g1640c2035a (webtiles) character file.

Game seed: 9578085243944791508

90 Findor the Firebug (level 4, -2/27 HPs)
             Began as an Octopode Fire Elementalist on Nov 17, 2021.
             Slain by a centaur (7 damage)
             ... on level 3 of the Dungeon.
             The game lasted 00:04:39 (2040 turns).

Findor the Firebug (Octopode Fire Elementalist)     Turns: 2040, Time: 00:04:40

Health: -2/27      AC:  1    Str:  7    XL:     4   Next: 56%
Magic:  6/8        EV: 13    Int: 18    God:
Gold:   92         SH:  0    Dex: 12    Spells: 7/8 levels left

rFire    . . .     SeeInvis .   i - +1 falchion (elec)
rCold    . . .     Faith    .   (no shield)
rNeg     . . .     Spirit   .   (helmet restricted)
rPois    .         Reflect  .   (no amulet)
rElec    .         Harm     .   (no ring)
rCorr    .         Rampage  .   (no ring)
Will     .....                  (no ring)
Stlth    +++.......             (no ring)
HPRegen  0.09/turn              (no ring)
MPRegen  0.11/turn              (no ring)
                                (no ring)
                                (no ring)

@: no status effects
A: almost no armour, amphibious, 8 rings, camouflage 1, gelatinous body 1,
(nimble swimmer 1), tentacles
a: no special abilities


You were on level 3 of the Dungeon.
You visited 1 branch of the dungeon, and saw 3 of its levels.

You collected 92 gold pieces.


Innate Abilities, Weirdness & Mutations

You cannot wear most types of armour.
You are amphibious.
You can wear up to eight rings at the same time.
Your skin changes colour to match your surroundings (Stealth+).
Your rubbery body absorbs attacks. (AC +1, EV +1)
((You are camouflaged near water. (Stealth+)))
You have tentacles for arms and can constrict up to eight enemies at once.


   Skills:
 - Level 2.0 Dodging
 - Level 2.6 Stealth
 + Level 2.7 Spellcasting
 + Level 2.2 Conjurations
 * Level 4.2 Fire Magic


You had 7 spell levels left.
You knew the following spells:

 Your Spells              Type           Power      Damage    Failure   Level
a - Foxfire               Conj/Fire      56%        2x1d6     4%          1

Your spell library contained the following spells:

 Spells                   Type           Power      Damage    Failure   Level
 Conjure Flame            Conj/Fire      14%        6-21      14%         3
 Inner Flame              Hex/Fire       10%        N/A       22%         3
 Sticky Flame             Conj/Fire      14%        2d4       41%         4
 Gell's Gravitas          Tloc           1%         N/A       45%         3
 Lesser Beckoning         Tloc           1%         N/A       45%         3
 Teleport Other           Tloc           2%         N/A       45%         3
 Fireball                 Conj/Fire      7%         3d5       77%         5
 Cause Fear               Hex            1%         N/A       86%         4
 Dragon Form              Tmut           1%         N/A       100%        7
 Dragon's Call            Summ           1%         N/A       100%        9

Inventory:

Hand Weapons
 b - a +0 dagger
   (You took it off a kobold on level 1 of the Dungeon)
 i - a +1 falchion of electrocution (weapon)
   (You found it on level 2 of the Dungeon)
Missiles
 d - 3 curare-tipped darts
 e - 24 poisoned darts (quivered)
Magical Staves
 j - a staff of earth
   (You found it on level 3 of the Dungeon)
Wands
 h - a wand of charming (11)
   (You found it on level 2 of the Dungeon)
Scrolls
 a - 3 scrolls of teleportation {unknown}
 f - a scroll of identify {unknown}
 g - a scroll of blinking {unknown}
 l - a scroll of fog {unknown}
Potions
 c - 2 potions of lignification {unknown}
 k - 2 potions of attraction {unknown}


Message History

Casting: Foxfire (safe; 4% risk of failure)
You conjure some foxfire!
The foxfire hits the kobold.
You kill the kobold!
Unknown command.
You start resting.
Found a dark potion.
An endoplasm comes into view.
Things that are here:
a +0 dagger; 8 poisoned darts; a kobold corpse An endoplasm is nearby!
Casting: Foxfire (safe; 4% risk of failure)
You conjure some foxfire!
The endoplasm quivers.
Casting: Foxfire (safe; 4% risk of failure)
You conjure some foxfire!
The foxfire hits the endoplasm. x2
You kill the endoplasm!
e - 24 poisoned darts (gained 8)
Things that are here:
a +0 dagger; a kobold corpse
k - 2 dark potions (gained 1)
A bat comes into view.
Casting: Foxfire (safe; 4% risk of failure)
You conjure some foxfire!
The foxfire hits the bat.
You kill the bat!
A centaur comes into view.
A centaur is nearby!
A centaur is nearby!
Found 14 poisoned darts and a purple potion.
The helpless centaur fails to defend itself.
You hit the centaur. The centaur hits you.
The centaur kicks you but does no damage.
The centaur hits you. The centaur closely misses you.
Casting: Foxfire (safe; 4% risk of failure)
You conjure some foxfire!
The centaur closely misses you.
The centaur barely misses you. x2; The centaur kicks you.
The foxfire hits the centaur but does no damage.
The foxfire hits the centaur.
The centaur hits you. The centaur kicks you.
* * * LOW HITPOINT WARNING * * *
Casting: Foxfire (safe; 4% risk of failure)
You conjure some foxfire!
The centaur misses you. The centaur kicks you.
* * * LOW HITPOINT WARNING * * *
The centaur hits you.
* * * LOW HITPOINT WARNING * * *
The centaur kicks you.
* * * LOW HITPOINT WARNING * * *
The foxfire hits the centaur but does no damage. x2
The centaur hits you!
You die...

..# _# ..# .# . #.
..#####.###.# #..
.........##.###..
...####...#......
##..###.#.......#
##...†...##(...####
#####........§...###
##.#######.@c...#
##..# #.#..#.#
#####...# #.##....
......#.## #.# ##!...
.....##..# #.# ...
####.###.# #.# ..
#.###.### #.######...
#.#.....####..........
#.#........>..#####...


You could see a centaur.

Vanquished Creatures
  3 adders (D:2)
  2 dart slugs (D:1)
  11 ball pythons
  3 bats
  10 endoplasms
  4 giant cockroaches
  A goblin (D:2)
  7 hobgoblins
  A quokka (D:3)
  6 frilled lizards
  4 kobolds
  5 rats
57 creatures vanquished.

Vanquished Creatures (others)
  126 foxfires
126 creatures vanquished.

Grand Total: 183 creatures vanquished

Notes
Turn   | Place    | Note
-------+----------+-------------------------------------------
     0 | D:1      | Findor the Octopode Fire Elementalist began the quest for
                  | the Orb.
     0 | D:1      | Reached XP level 1. HP: 11/11 MP: 3/3
    30 | D:1      | Reached XP level 2. HP: 13/17 MP: 1/5
   657 | D:1      | Reached XP level 3. HP: 21/21 MP: 1/6
  1344 | D:2      | Reached skill level 4 in Fire Magic
  1344 | D:2      | Reached XP level 4. HP: 27/27 MP: 4/7
  1677 | D:2      | Found a runed translucent door.
  1678 | D:2      | Noticed Crazy Yiuf
  1771 | D:3      | Found a faded altar of an unknown god.
  2034 | D:3      | Noticed a centaur
  2039 | D:3      | HP: 4/27 [centaur (2)]
  2040 | D:3      | Slain by a centaur

Levels and vault maps discovered:
D:1:      dpeg_arrival_rhombi, layout_rooms
D:2:      layout_rooms, uniq_crazy_yiuf_cottage
D:3:      layout_rooms, okawaru_altar_gauntlet_db, basic_ecumenical_altar

Action                   |  1- 3 |  4- 6 || total
-------------------------+-------+-------++-------
Melee: Unarmed           |    11 |       ||    11
       Tentacles         |     6 |     1 ||     7
       Constrict         |     5 |     3 ||     8
       Dagger            |    18 |     5 ||    23
       Falchion          |       |     7 ||     7
Throw: Dart              |     5 |       ||     5
 Cast: Foxfire           |    50 |    25 ||    75
  Use: Potion            |     1 |       ||     1
 Stab: Sleeping          |     1 |     3 ||     4
Armor: Skin              |     5 |     3 ||     8
Dodge: Dodged            |    35 |    14 ||    49
